 Dungeon Crawl Stone Soup version 0.28.0 (webtiles) character file.

Game seed: 4674034518347846146

49 freelancePsychic the Sneak (level 3, 0/20 HPs)
             Began as a Vine Stalker Brigand on Feb 9, 2022.
             Was a Follower of Ashenzari.
             Succumbed to an adder's poison
             ... on level 2 of the Dungeon.
             The game lasted 00:01:57 (1346 turns).

freelancePsychic the Sneak (Vine Stalker Brigand)   Turns: 1346, Time: 00:01:57

Health: 0/20       AC:  3    Str: 13    XL:     3   Next: 77%
Magic:  2/4        EV: 11    Int: 13    God:    Ashenzari [*.....]
Gold:   64         SH:  0    Dex: 15    Spells: 2/2 levels left

rFire   . . .      SeeInvis .   a - +2 dagger of Ouranomancy {Melee, Range} (curse)
rCold   . . .      Faith    .   (no shield)
rNeg    . . .      Spirit   +   b - +0 robe
rPois   .          Reflect  .   (no helmet)
rElec   .          Harm     .   c - +0 cloak of Ashenzari's Black Moon {Self, Range} (curse)
rCorr   .          Rampage  .   (no gloves)
Will    .....                   (no boots)
Stlth   +++.......              (no amulet)
HPRegen 0.06/turn               (no ring)
MPRegen 0.09/turn               (no ring)

@: lethally poisoned (0 -> -1)
A: fangs 2, magic shield, antimagic bite, no potion heal 2
a: Renounce Religion, Shatter the Chains


You were on level 2 of the Dungeon.
You worshipped Ashenzari.
Ashenzari was aware of your devotion.
You visited 1 branch of the dungeon, and saw 2 of its levels.

You collected 64 gold pieces.

Inventory:

Hand Weapons
 a - the cursed +2 dagger of Ouranomancy (weapon) {Melee, Range}

   It has a curse which improves the following skills: Melee Combat: Short
   Blades, Long Blades, Axes, Maces & Flails, Polearms, Staves and Unarmed
   Combat.
   Ranged Combat: Slings, Bows, Crossbows and Throwing.
Missiles
 d - 12 poisoned darts (quivered)
 e - 2 curare-tipped darts
Armour
 b - a +0 robe (worn)
 c - the cursed +0 cloak of Ashenzari's Black Moon (worn) {Self, Range}

   It has a curse which improves the following skills: Introspection: Fighting
   and Spellcasting.
   Ranged Combat: Slings, Bows, Crossbows and Throwing.
Scrolls
 f - 2 scrolls of identify {@r1}
 g - 2 scrolls of teleportation {@r4}
 h - a scroll of enchant weapon
 i - a scroll of magic mapping
Potions
 j - a potion of brilliance
 k - a potion of flight


   Skills:
 + Level 2.3(3.0) Fighting
 * Level 2.8(3.5) Short Blades
 - Level 1.7(2.7) Throwing
 - Level 0.7 Dodging
 + Level 5.3 Stealth


You had 2 spell levels left.
You didn't know any spells.
Your spell library contained the following spells:

 Spells                   Type           Power      Damage    Failure   Level
 Static Discharge         Conj/Air       0%         N/A       43%         2
 Lightning Bolt           Conj/Air       0%         1d11      100%        5
 Maxwell's Capacitive Co  Air            0%         ∞         100%        8


Dungeon Overview and Level Annotations

Branches:
Dungeon (2/15)

Altars:
Ashenzari


Innate Abilities, Weirdness & Mutations

You have extremely sharp teeth.
When hurt, damage is shared between your health and your magic reserves.
Your bite disrupts and absorbs the magic of your enemies.
Potions cannot restore your health.


Message History

You are too injured to fight recklessly!
You are too injured to fight recklessly!
You are too injured to fight recklessly!
You are too injured to fight recklessly!
You are too injured to fight recklessly!
You are too injured to fight recklessly!
You are too injured to fight recklessly!
You are too injured to fight recklessly!
You are too injured to fight recklessly!
You are too injured to fight recklessly!
You are too injured to fight recklessly!
You are too injured to fight recklessly!
You are too injured to fight recklessly!
You are too injured to fight recklessly!
You are too injured to fight recklessly!
You are too injured to fight recklessly!
You are too injured to fight recklessly!
You are too injured to fight recklessly!
You are too injured to fight recklessly!
You are too injured to fight recklessly!
You are too injured to fight recklessly!
You completely miss the adder. You bite the adder. You drain its power.
The adder is almost dead.
You feel sick. The adder bites you.
You are more poisoned.
The adder poisons you!
You hit the adder.
You kill the adder!
You feel sick.
You feel sick.
You are too injured to fight recklessly!
You feel sick.
You feel sick.
You feel sick. The worm bites you.
* * * LOW HITPOINT WARNING * * *
* * * LOW HITPOINT WARNING * * *
You feel sick.
* * * LOW HITPOINT WARNING * * *
You feel sick.
You die...

#....## #...# #.#### #..[# #.#
#...#########.##### #####
#...#.......#......
.....#####...#.#####.#.#####
..###..................#.#####
.......................#.##...
#......w.@<........#....##
.......#####...#.##.##.#.##.##
....#.# #...#...<..........
##. #. #...#.#####.####.## #
#...# ...# #.# #...#
########.## #...# #.......##
########...# #.####....
#.........## ###.###.....


You could see a worm.

Vanquished Creatures
  An adder (D:2)
  4 endoplasms
  3 giant cockroaches
  A goblin (D:1)
  4 hobgoblins
  4 kobolds (D:1)
  A quokka (D:1)
  9 ball pythons
  3 bats
  A frilled lizard (D:1)
  9 rats (D:1)
40 creatures vanquished.

Notes
Turn   | Place    | Note
-------+----------+-------------------------------------------
     0 | D:1      | freelancePsychic the Vine Stalker Brigand began the quest
                  | for the Orb.
     0 | D:1      | Reached XP level 1. HP: 11/11 MP: 2/2
     3 | D:1      | Found a faded altar of an unknown god.
    43 | D:1      | Prayed at the altar of an unknown god.
    43 | D:1      | Became a worshipper of Ashenzari the Shackled
   165 | D:1      | Reached skill level 5 in Stealth
   165 | D:1      | Reached XP level 2. HP: 10/15 MP: 3/3
   754 | D:1      | Reached XP level 3. HP: 9/18 MP: 2/4
  1113 | D:1      | Reached * piety under Ashenzari
  1345 | D:2      | HP: 1/20 [poisoned by an adder]
  1346 | D:2      | Succumbed to an adder's poison

Illustrated notes

Levels and vault maps discovered:
D:1:      grunt_arrival_lava_bath, layout_basic,
          hellmonk_ecumenical_altar_lost_god, minmay_rat_gold_closets
D:2:      layout_loops_cross

Skill      XL: |  1  2 |
---------------+-------+-----
Short Blades   | 2 |  2.8
Stealth        | 5 |  5.3
Fighting       | 2 |  2.3
Throwing       | |  1.7
Dodging        | |  0.7

Action                   || total
-------------------------++-------
Melee: Dagger            ||   104
       Bite              ||    24
Invok: Curse Item        ||     2
 Stab: Sleeping          ||    13
Armor: Robe              ||    18
Dodge: Dodged            ||    47
